NCAA
DUKE BLUE DEVILS @ COLORADO BUFFALOES
05/18/2028
 
TOP OF THE 1ST
Duke Blue Devils batting - Pitching for Colorado Buffaloes : RHP Willard Castillo
Pitching: RHP Willard Castillo
Batting: SHB Luis Romero 0-0: Swinging Strike
0-1: Swinging Strike
0-2: Ball
1-2: Foul Ball, location: 2F
1-2: Strikes out swinging
Batting: RHB John Conway 0-0: Ball
1-0: Fly out, F9 (Flyball, 9LS)
Batting: LHB Francisco Ríos 0-0: Foul Ball, location: 2F
0-1: Ball
1-1: Foul Ball, location: 2F
1-2: Ball
2-2: Strikes out swinging
Top of the 1st over - 0 run(s), 0 hit(s), 0 error(s), 0 left on base; Duke 0 - Colorado 0
BOTTOM OF THE 1ST
Colorado Buffaloes batting - Pitching for Duke Blue Devils : LHP Ray Karl
Pitching: LHP Ray Karl
Batting: SHB Justin Collier 0-0: Ball
1-0: Ball
2-0: Ball
3-0: Foul Ball, location: 2F
3-1: Foul Ball, location: 2F
3-2: Strikes out swinging
Batting: LHB Claudio Jaramillo 0-0: Ball
1-0: Called Strike
1-1: Swinging Strike
1-2: Ball
2-2: Strikes out swinging
Batting: RHB Eddie Woods 0-0: Called Strike
0-1: Ball
1-1: Foul Ball, location: 2F
1-2: Strikes out swinging
Bottom of the 1st over - 0 run(s), 0 hit(s), 0 error(s), 0 left on base; Duke 0 - Colorado 0
TOP OF THE 2ND
Duke Blue Devils batting - Pitching for Colorado Buffaloes : RHP Willard Castillo
Batting: RHB Danny Morrison 0-0: Foul Ball, location: 2F
0-1: Ball
1-1: Ball
2-1: Ball
3-1: Base on Balls
Batting: LHB Cade Brown 0-0: Called Strike
0-1: Swinging Strike
0-2: Strikes out swinging
Batting: SHB Barry Holman 0-0: Foul Ball, location: 2F
0-1: Swinging Strike
0-2: Ball
1-2: Strikes out swinging
Batting: LHB Shawn Henderson 0-0: Ball
1-0: Swinging Strike
1-1: Foul Ball, location: 2F
1-2: Ball
2-2: Ball
3-2: Strikes out swinging
Top of the 2nd over - 0 run(s), 0 hit(s), 0 error(s), 1 left on base; Duke 0 - Colorado 0
BOTTOM OF THE 2ND
Colorado Buffaloes batting - Pitching for Duke Blue Devils : LHP Ray Karl
Batting: RHB Bill Peterson 0-0: Ground out 1-3 (Groundball, 13)
Batting: RHB Preston Manning 0-0: Called Strike
0-1: Fly out, F2 (Popup, 2L)
Batting: LHB Wayne Morgan 0-0: Called Strike
0-1: Ball
1-1: Ball
2-1: Fly out, F8 (Flyball, 8RM)
Bottom of the 2nd over - 0 run(s), 0 hit(s), 0 error(s), 0 left on base; Duke 0 - Colorado 0
TOP OF THE 3RD
Duke Blue Devils batting - Pitching for Colorado Buffaloes : RHP Willard Castillo
Batting: RHB Tommy Reid 0-0: Ground out 4-3 (Groundball, 4)
Batting: RHB Deron McClendon 0-0: Ball
1-0: Ball
2-0: Called Strike
2-1: Ball
3-1: Swinging Strike
3-2: Foul Ball, location: 2F
3-2: SINGLE (Groundball, 6MD)
Batting: SHB Luis Romero 0-0: Fielders Choice at 2nd, 4-6 (Groundball, 4)
Batting: RHB John Conway 0-0: Called Strike
0-1: Ball
Luis Romero steals 2nd base
1-1: Ground out 5-3 (Groundball, 56S)
Top of the 3rd over - 0 run(s), 1 hit(s), 0 error(s), 1 left on base; Duke 0 - Colorado 0
BOTTOM OF THE 3RD
Colorado Buffaloes batting - Pitching for Duke Blue Devils : LHP Ray Karl
Batting: RHB Jason Taylor 0-0: Ball
1-0: Called Strike
1-1: Ball
2-1: Ground out 6-3 (Groundball, 6)
Batting: SHB Edgardo Guzmán 0-0: Ball
1-0: Called Strike
1-1: SOLO HOME RUN (Flyball, 7D), Distance : 369 ft
Batting: RHB Jeff Atkinson 0-0: Ball
1-0: Swinging Strike
1-1: Ball
2-1: Foul Ball, location: 2F
2-2: Ball
3-2: Strikes out looking
Batting: SHB Justin Collier 0-0: Ball
1-0: Ball
2-0: Ball
3-0: Base on Balls
Batting: LHB Claudio Jaramillo 0-0: Ball
1-0: Ball
2-0: Ball
3-0: Called Strike
3-1: Base on Balls
Justin Collier to second
Batting: RHB Eddie Woods 0-0: Swinging Strike
0-1: Ball
1-1: Foul Ball, location: 2F
1-2: Strikes out swinging
Bottom of the 3rd over - 1 run(s), 1 hit(s), 0 error(s), 2 left on base; Duke 0 - Colorado 1
TOP OF THE 4TH
Duke Blue Devils batting - Pitching for Colorado Buffaloes : RHP Willard Castillo
Batting: LHB Francisco Ríos 0-0: Called Strike
0-1: SINGLE (Groundball, 34S) (infield hit)
Batting: RHB Danny Morrison Pickoff Throw to First - Error! E1
Francisco Ríos to second
0-0: Called Strike
0-1: Fly out, F9 (Flyball, 9LS)
Batting: LHB Cade Brown 0-0: SINGLE (Groundball, 34) (infield hit)
Francisco Ríos to third
Batting: SHB Barry Holman 0-0: Ball
1-0: Foul Ball, location: 2F
1-1: SINGLE (Groundball, 34D)
Francisco Ríos scores
Cade Brown to second
Runner from 2nd tries for 3rd, SAFE, throw made to third
Barry Holman to second
Batting: LHB Shawn Henderson 0-0: Intentional Walk
Batting: RHB Tommy Reid 0-0: Swinging Strike
0-1: Called Strike
0-2: Grounds into double play, 6-4-3 (Groundball, 6)
Top of the 4th over - 1 run(s), 3 hit(s), 1 error(s), 2 left on base; Duke 1 - Colorado 1
BOTTOM OF THE 4TH
Colorado Buffaloes batting - Pitching for Duke Blue Devils : LHP Ray Karl
Batting: RHB Bill Peterson 0-0: Called Strike
0-1: Foul Ball, location: 2F
0-2: Ball
1-2: Ball
2-2: Strikes out swinging
Batting: RHB Preston Manning 0-0: Ball
1-0: SINGLE (Line Drive, 6D)
Batting: LHB Wayne Morgan 0-0: Called Strike
0-1: Fly out, F4 (Line Drive, 34)
Batting: RHB Jason Taylor 0-0: Called Strike
0-1: Ball
1-1: Ball
2-1: Ball
3-1: Foul Ball, location: 2F
3-2: Foul Ball, location: 2F
3-2: Foul Ball, location: 2F
3-2: Ground out 6-3 (Groundball, 56)
Bottom of the 4th over - 0 run(s), 1 hit(s), 0 error(s), 1 left on base; Duke 1 - Colorado 1
TOP OF THE 5TH
Duke Blue Devils batting - Pitching for Colorado Buffaloes : RHP Willard Castillo
Batting: RHB Deron McClendon 0-0: Called Strike
0-1: Ball
1-1: Swinging Strike
1-2: Foul Ball, location: 2F
1-2: Ball
2-2: Foul Ball, location: 2F
2-2: Foul Ball, location: 2F
2-2: Foul Ball, location: 2F
2-2: Strikes out swinging
Batting: SHB Luis Romero 0-0: Ball
1-0: Foul Ball, location: 2F
1-1: Called Strike
1-2: Fly out, F5 (Line Drive, 56)
Batting: RHB John Conway 0-0: Ball
1-0: SINGLE (Line Drive, 6D)
Batting: LHB Francisco Ríos 0-0: Fly out, F9 (Flyball, 9LM)
Top of the 5th over - 0 run(s), 1 hit(s), 0 error(s), 1 left on base; Duke 1 - Colorado 1
BOTTOM OF THE 5TH
Colorado Buffaloes batting - Pitching for Duke Blue Devils : LHP Ray Karl
Batting: SHB Edgardo Guzmán 0-0: Swinging Strike
0-1: Ball
1-1: Foul Ball, location: 2F
1-2: Foul Ball, location: 2F
1-2: Ball
2-2: Strikes out swinging
Batting: RHB Jeff Atkinson 0-0: Called Strike
0-1: Ball
1-1: Ground out 4-3 (Groundball, 4)
Batting: SHB Justin Collier 0-0: Ball
1-0: Ball
2-0: Ball
3-0: Called Strike
3-1: Foul Ball, location: 2F
3-2: Foul Ball, location: 2F
3-2: Strikes out swinging
Bottom of the 5th over - 0 run(s), 0 hit(s), 0 error(s), 0 left on base; Duke 1 - Colorado 1
TOP OF THE 6TH
Duke Blue Devils batting - Pitching for Colorado Buffaloes : RHP Willard Castillo
Batting: RHB Danny Morrison 0-0: Ball
1-0: Ball
2-0: Foul Ball, location: 2F
2-1: Ball
3-1: Ground out 6-3 (Groundball, 6)
Batting: LHB Cade Brown 0-0: Fly out, F3 (Popup, 3D)
Batting: SHB Barry Holman 0-0: Ball
1-0: Ball
2-0: Called Strike
2-1: Ball
3-1: Foul Ball, location: 2F
3-2: Strikes out swinging
Top of the 6th over - 0 run(s), 0 hit(s), 0 error(s), 0 left on base; Duke 1 - Colorado 1
BOTTOM OF THE 6TH
Colorado Buffaloes batting - Pitching for Duke Blue Devils : LHP Ray Karl
Pitching: RHP Adrian Walker
Batting: LHB Claudio Jaramillo 0-0: Ball
1-0: Foul Ball, location: 2F
1-1: Ball
2-1: Fly out, F5 (Line Drive, 56)
Batting: RHB Eddie Woods 0-0: Ball
1-0: Ball
2-0: Foul Ball, location: 2F
2-1: Ball
3-1: Foul Ball, location: 2F
3-2: Base on Balls
Batting: RHB Bill Peterson 0-0: Fly out, F4 (Popup, 34)
Batting: RHB Preston Manning 0-0: Ball
1-0: Called Strike
1-1: Foul Ball, location: 2F
1-2: Strikes out swinging
Bottom of the 6th over - 0 run(s), 0 hit(s), 0 error(s), 1 left on base; Duke 1 - Colorado 1
TOP OF THE 7TH
Duke Blue Devils batting - Pitching for Colorado Buffaloes : RHP Willard Castillo
Pitching: LHP Robert Dean
Batting: LHB Shawn Henderson 0-0: Called Strike
0-1: Called Strike
0-2: Strikes out looking
Batting: RHB Tommy Reid 0-0: Ball
1-0: Swinging Strike
1-1: Foul Ball, location: 2F
1-2: Ball
2-2: Foul Ball, location: 2F
2-2: Strikes out looking
Batting: RHB Deron McClendon 0-0: Called Strike
0-1: DOUBLE (Line Drive, 89M)
Batting: SHB Luis Romero 0-0: Ball
1-0: Ball
Passed Ball!
Deron McClendon to third
2-0: Ball
3-0: Called Strike
3-1: Foul Ball, location: 2F
3-2: SINGLE (Line Drive, 7LS)
Deron McClendon scores
Batting: RHB John Conway 0-0: Ball
1-0: Foul Ball, location: 2F
1-1: Swinging Strike
1-2: Fly out, F7 (Flyball, 7)
Top of the 7th over - 1 run(s), 2 hit(s), 0 error(s), 1 left on base; Duke 2 - Colorado 1
BOTTOM OF THE 7TH
Colorado Buffaloes batting - Pitching for Duke Blue Devils : RHP Adrian Walker
Batting: LHB Wayne Morgan 0-0: SOLO HOME RUN (Flyball, 89XD), Distance : 388 ft
Batting: RHB Jason Taylor 0-0: Single, Error in OF, E7, batter to second base
Batting: SHB Edgardo Guzmán 0-0: Ball
1-0: Foul Ball, location: 2F
1-1: Single, Error in OF, E9, batter to second base
Jason Taylor scores
Batting: RHB Jeff Atkinson 0-0: Intentional Walk
Batting: SHB Justin Collier 0-0: Called Strike
0-1: Ball
1-1: Bunted foul
1-2: Ball
2-2: Fielders Choice at 2nd, 6-4 (Groundball, 6)
Edgardo Guzmán to third
Batting: LHB Claudio Jaramillo 0-0: Ball
1-0: Ball
2-0: Foul Ball, location: 2F
2-1: Foul Ball, location: 2F
2-2: Ball
3-2: Fly out, F5 (Popup, 5S)
Batting: RHB Eddie Woods 0-0: Ball
1-0: Called Strike
Justin Collier steals 2nd base
1-1: Ball
2-1: Foul Ball, location: 2F
2-2: Ball
3-2: Base on Balls
Batting: RHB Bill Peterson 0-0: Called Strike
0-1: Foul Ball, location: 2F
0-2: Foul Ball, location: 2F
0-2: Ball
1-2: Ball
2-2: Ball
3-2: Base on Balls
Edgardo Guzmán scores
Justin Collier to third
Eddie Woods to second
Pitching: RHP Homer Moore
Batting: RHB Preston Manning 0-0: Foul Ball, location: 2F
0-1: Ball
Wild Pitch!
Justin Collier scores
Eddie Woods to third
Bill Peterson to second
1-1: Ball
2-1: Foul Ball, location: 2F
2-2: Foul Ball, location: 2F
2-2: Foul Ball, location: 2F
2-2: Strikes out swinging
Bottom of the 7th over - 4 run(s), 3 hit(s), 2 error(s), 2 left on base; Duke 2 - Colorado 5
TOP OF THE 8TH
Duke Blue Devils batting - Pitching for Colorado Buffaloes : LHP Robert Dean
Batting: LHB Francisco Ríos 0-0: Ball
1-0: Swinging Strike
1-1: Ball
2-1: Swinging Strike
2-2: Foul Ball, location: 2F
2-2: Foul Ball, location: 2F
2-2: Foul Ball, location: 2F
2-2: Ball
3-2: Fly out, F3 (Line Drive, 4)
Batting: RHB Danny Morrison 0-0: Foul Ball, location: 2F
0-1: Ball
1-1: Ball
2-1: Ground out 6-3 (Groundball, 6)
Batting: LHB Cade Brown 0-0: Ball
1-0: Swinging Strike
1-1: Ball
2-1: Called Strike
2-2: Ball
3-2: Strikes out swinging
Top of the 8th over - 0 run(s), 0 hit(s), 0 error(s), 0 left on base; Duke 2 - Colorado 5
BOTTOM OF THE 8TH
Colorado Buffaloes batting - Pitching for Duke Blue Devils : RHP Homer Moore
Batting: LHB Wayne Morgan 0-0: Ball
1-0: Called Strike
1-1: Fly out, F7 (Flyball, 78M)
Batting: RHB Jason Taylor 0-0: Called Strike
0-1: SINGLE (Line Drive, 4MD)
Batting: SHB Edgardo Guzmán 0-0: Ball
1-0: Foul Ball, location: 2F
1-1: Ball
2-1: Ball
3-1: Grounds into double play, 4-6-3 (Groundball, 4)
Bottom of the 8th over - 0 run(s), 1 hit(s), 0 error(s), 0 left on base; Duke 2 - Colorado 5
TOP OF THE 9TH
Duke Blue Devils batting - Pitching for Colorado Buffaloes : LHP Robert Dean
Pitching: RHP Geoff Reeves
Batting: SHB Barry Holman 0-0: Ball
1-0: Ground out 1-3 (Groundball, P)
Batting: LHB Shawn Henderson 0-0: Called Strike
0-1: Swinging Strike
0-2: Ball
1-2: Foul Ball, location: 2F
1-2: Ball
2-2: Strikes out swinging
Batting: RHB Tommy Reid 0-0: Foul Ball, location: 2F
0-1: Ball
1-1: Foul Ball, location: 2F
1-2: SINGLE (Line Drive, 4D)
Batting: RHB Deron McClendon 0-0: Fly out, F8 (Flyball, 8LD)
Top of the 9th over - 0 run(s), 1 hit(s), 0 error(s), 1 left on base; Duke 2 - Colorado 5
Tuesday, August 8th, 2017 - OOTP Baseball 17.12 Build 75